 Dungeon Crawl Stone Soup version 0.31-a0-1009-g454b1f1e0a (webtiles) character file.

Game seed: 17188444987689498351

7 kae the Vexing (level 1, -1/13 HPs)
             Began as a Demonspawn Enchanter on Nov 13, 2023.
             Frozen to death by an endoplasm (4 damage)
             ... on level 1 of the Dungeon.
             The game lasted 00:00:18 (209 turns).

kae the Vexing (Demonspawn Enchanter)                Turns: 209, Time: 00:00:19

Health: -1/13      AC:  2    Str:  8    XL:     1   Next: 91%
Magic:  3/3        EV: 12    Int: 16    God:
Gold:   0          SH:  0    Dex: 13    Spells: 4/4 levels left

rFire   . . .        a - +1 dagger
rCold   . . .        (no shield)
rNeg    . . .        b - +0 robe
rPois   .            (no helmet)
rElec   .            (no cloak)
rCorr   .            (no gloves)
SInv    .            (no boots)
Will    .....        (no amulet)
Stlth   ++           (no ring)
HPRegen 0.22/turn    (no ring)
MPRegen 0.08/turn

%: no passive effects
@: no status effects
A: no striking features
a: no special abilities


You were on level 1 of the Dungeon.
You visited 1 branch of the dungeon, and saw 1 of its levels.


   Skills:
 * Level 1.2 Short Blades
 - Level 1.7 Dodging
 + Level 2.8 Stealth
 + Level 2.1 Spellcasting
 * Level 3.1 Hexes


You had 4 spell levels left.
You didn't know any spells.
Your spell library contained the following spells:

 Spells                   Type           Power      Damage    Failure   Level
 Ensorcelled Hibernation  Hex/Ice        12%        N/A       16%         2
 Confusing Touch          Hex            11%        N/A       17%         3
 Tukima's Dance           Hex            11%        N/A       17%         3
 Summon Small Mammal      Summ           4%         N/A       21%         1
 Dazzling Flash           Conj/Hex       12%        N/A       32%         3
 Summon Guardian Golem    Hex/Summ       6%         N/A       32%         3
 Call Canine Familiar     Summ           1%         N/A       52%         3

Inventory:

Hand Weapons
 a - a +1 dagger (weapon)
Missiles
 d - 4 darts of dispersal {=f!f}
Armour
 b - a +0 robe (worn)
Jewellery
 R - a ring of resist corrosion
   (You found it on level 1 of the Dungeon)
Potions
 c - 2 potions of invisibility
 e - a potion of magic {unknown}

Dungeon Overview and Level Annotations

Branches:
Dungeon (1/15) Zot: 5791

Altars:

##.# .# .?#..#
..... ....# #.#.###
#.....#
#######.....#
#......@J#..#
#.#####.....#
#.#.#.# #.#.#.#
####.#.#.# ##
#.?....#.# .#
#....###.###### .#
#.............# .#
##.##...####.#.##.#


You could see an endoplasm.


Message History

The jackal bites you but does no damage.
The jackal misses you.
You completely miss the jackal.
An endoplasm comes into view.
The jackal barely misses you.
The endoplasm quivers.
You hit the jackal. The jackal closely misses you.
You closely miss the jackal. The jackal misses you. The jackal bites you.
You barely miss the jackal. The jackal bites you. 😮 HP[-1]
You take 1 damage, and now have 8/13 hp.
You hit the jackal.
You kill the jackal!
You hit the endoplasm. The endoplasm freezes you.
You are frozen.
* * * LOW HITPOINT WARNING * * *
😨 HP[-4]
You take 4 damage, and now have 4/13 hp.
MASSIVE DAMAGE!! (PAUSE)
You barely miss the endoplasm. The endoplasm freezes you.
You are frozen.
* * * LOW HITPOINT WARNING * * *
😱 HP[-3]
You take 3 damage, and now have 1/13 hp.
MASSIVE DAMAGE!! (PAUSE)
You hit the endoplasm but do no damage.
The endoplasm barely misses you. 😱 HP[+1]
You hit the endoplasm. The endoplasm closely misses you.
You hit the endoplasm.
You kill the endoplasm!
You start resting.
A jackal comes into view. 😱 HP[+1]
The jackal barks! 😨 HP[+1] 😨 HP[+1]
You hit the jackal but do no damage. The jackal misses you.
You hit the jackal but do no damage.
The jackal bites you but does no damage.
The jackal closely misses you.
You closely miss the jackal.
The jackal bites you but does no damage.
You hit the jackal. The jackal closely misses you. 😨 HP[+1]
You hit the jackal.
You kill the jackal!
You start resting. 😕 HP[+5]
You regained 5 hp, and now have 11/13 hp.
Things that are here:
a jackal corpse; a jackal corpse
d - 4 darts of dispersal {=f!f} 😎 HP[+2]
Your hp is fully restored (13).
e - a bubbling grey potion
R - a ring of resist corrosion A bat comes into view.
You barely miss the bat. The bat barely misses you. x2
You miss the bat. The bat misses you. The bat hits you. 😕 HP[-1]
You take 1 damage, and now have 12/13 hp.
You hit the bat. The bat closely misses you.
An endoplasm comes into view.
The endoplasm quivers.
The bat hits you but does no damage. The bat hits you but does no damage.
The bat closely misses you. 😎 HP[+1]
Your hp is fully restored (13).
You barely miss the bat. You punch the bat, but do no damage.
The bat barely misses you. The bat hits you but does no damage.
The endoplasm closely misses you.
You hit the bat.
You kill the bat!
The endoplasm hits you but does no damage.
You hit the endoplasm. The endoplasm freezes you.
You are frozen.
You hit the endoplasm but do no damage. The endoplasm freezes you.
You are frozen.
* * * LOW HITPOINT WARNING * * *
You are too injured to fight recklessly!
You are too injured to fight recklessly! 😨 HP[-7]
You take 7 damage, and now have 6/13 hp.
MASSIVE DAMAGE!! (PAUSE)
You hit the endoplasm but do no damage. The endoplasm barely misses you.
You hit the endoplasm but do no damage. The endoplasm hits you.
* * * LOW HITPOINT WARNING * * *
😱 HP[-3]
You take 3 damage, and now have 3/13 hp.
MASSIVE DAMAGE!! (PAUSE)
You hit the endoplasm. The endoplasm freezes you.
You are frozen.
You die...

Skill      XL: |  1 |
---------------+----+-----
Short Blades   | 1 |  1.2
Dodging        | |  1.7
Stealth        | |  2.8
Spellcasting   | |  2.1
Hexes          | |  3.1

Action                     || total
---------------------------++-------
  Melee: Dagger            ||    42
         Punch             ||     1
 Armour: Robe              ||    19
  Dodge: Dodged            ||    30

Levels and vault maps discovered:
D:1:      evilmike_arrival_hilbert_curve, layout_loops_ring

Notes
Turn   | Place    | Note
-------+----------+-------------------------------------------
     0 | D:1      | kae the Demonspawn Enchanter began the quest for the Orb.
     0 | D:1      | Reached XP level 1. HP: 13/13 MP: 3/3
     0 | D:1      | magus.rc [v1.11.3]
    25 | D:1      | You pick up a book of Callings and begin reading...
    25 | D:1      | You add the spells Summon Small Mammal, Call Canine
                  | Familiar and Summon Guardian Golem to your library.
    66 | D:1      | Reached skill level 1 in Short Blades
    77 | D:1      | HP: 1/13 [frozen (3)]
   208 | D:1      | HP: 3/13 [endoplasm (3)]
   209 | D:1      | Frozen to death by an endoplasm

Vanquished Creatures
  An endoplasm (D:1)
  4 jackals (D:1)
  A bat (D:1)
6 creatures vanquished.

Table legend:
 A = Non-vault XP
 B = Vault XP
 C = Vault XP percentage of total XP
 D = Non-vault monster count
 E = Vault monster count
 F = Vault count percentage of total count
                 A         B        C        D         E       F
            +---------+---------+-------+---------+---------+-------
      Total |      11 |       0 |   0.0 |       6 |       0 |   0.0
            +---------+---------+-------+---------+---------+-------
        D:1 |      11 |       0 |   0.0 |       6 |       0 |   0.0
            +---------+---------+-------+---------+---------+-------

Skill      XL: |  1 |
---------------+----+-----
Short Blades   | 1 |  1.2
Dodging        | |  1.7
Stealth        | |  2.8
Spellcasting   | |  2.1
Hexes          | |  3.1

Action                     || total
---------------------------++-------
  Melee: Dagger            ||    42
         Punch             ||     1
 Armour: Robe              ||    19
  Dodge: Dodged            ||    30

Illustrated notes

Table legend:
 A = Kills in this place as a percentage of kills in the entire game.
 B = Kills by you in this place as a percentage of kills by you in the entire game.
 C = Kills by friends in this place as a percentage of kills by friends in the entire game.
 D = Other kills in this place as a percentage of other kills in the entire game.
 E = Experience gained in this place as a percentage of experience gained in the entire game.
 F = Experience gained in this place divided by the number of levels of this place that you have seen.
                   A       B       C       D       E      F
               +-------+-------+-------+-------+-------+----------------------
         Total | 100.0 | 100.0 |   N/A |   N/A | 100.0 |  11.0
       Dungeon | 100.0 | 100.0 |   N/A |   N/A | 100.0 |  11.0
               +-------+-------+-------+-------+-------+----------------------

Table legend: (Time is in decaauts)
 A = Elapsed time spent in this place.
 B = Non-inter-level travel time spent in this place.
 C = Inter-level travel time spent in this place.
 D = Time resting spent in this place.
 E = Time spent auto-exploring this place.
 F = Levels seen in this place.
 G = Mean time per level.
                   A        B        C        D        E       F      G
               +--------+--------+--------+--------+--------+-----+--------+
         Total |    207 |    207 |      0 |     27 |    115 |   1 |  207.0 |
       Dungeon |    207 |    207 |      0 |     27 |    115 |   1 |  207.0 |
               +--------+--------+--------+--------+--------+-----+--------+

Top non-repeatable levels by time:
     D:1: 207 daAuts
